[Event "FIDE World Rapid-ch Open 2018"]
[White "Nakamura, Hikaru"]
[Black "Carlsen, Magnus"]
[Site "St. Petersburg"]
[Round "15.1"]
[Annotator "RC"]
[Result "1/2-1/2"]
[Date "2018.12.28"]
[WhiteElo "2746"]
[BlackElo "2835"]
[PlyCount "116"]
[TimeControl "900+10"]

1. d4 d5 2. c4 e6 3. Nf3 a6 4. Bg5 Be7 5. Bxe7 Nxe7 6. e3 0-0 7. Nc3 Nd7 8. Rc1 dxc4 9. Bxc4 c5 10. dxc5 Nxc5 11. b4 Qxd1+ 12. Rxd1 Nd7 13. 0-0 b5 14. Bb3 Nf6 15. Ne5 Ra7 16. Nd3 Bb7 17. Nc5 Bd5 18. Nxd5 Nfxd5 19. a3 a5 20. e4 Nc3 21. Rd2 axb4 22. axb4 Rfa8 23. Rc2 Na2 24. Bxa2 Rxa2 25. Rxa2 Rxa2 26. g3 Nc6 27. Rc1 Nxb4 28. Rb1 Rc2 29. Nxe6 Rc4 30. Nc7 Rxc7 31. Rxb4 Rb7 32. Kf1 Kf8 33. Ke2 Ke7 34. e5 Ke6 35. f4 Kd5 36. Kd3 Kc5 37. Re4 b4 38. Kc2 Ra7 39. Kb2 Rd7 40. Re2 g6 41. g4 Ra7 42. f5 Kd5 43. e6 fxe6 44. Rxe6 gxf5 45. gxf5 Rf7 46. Kb3 h5 47. Kxb4 Rxf5 48. Re3 Kd4 49. Rh3 Re5 50. Kb3 Re3+ 51. Rxe3 Kxe3 52. h4 Kf3 53. Kc2 Kg3 54. Kd2 Kxh4 55. Ke1 Kg3 56. Kf1 h4 57. Kg1 h3 58. Kh1 h2 1/2-1/2

[Event "FIDE World Rapid-ch Open 2018"]
[White "Kamsky, Gata"]
[Black "Matlakov, Maxim"]
[Site "St. Petersburg"]
[Round "15.6"]
[Annotator "RC"]
[Result "1/2-1/2"]
[Date "2018.12.28"]
[WhiteElo "2666"]
[BlackElo "2700"]
[PlyCount "73"]
[TimeControl "900+10"]

1. d4 Nf6 2. Nf3 d5 3. Bf4 Bf5 4. e3 e6 5. c4 Bd6 6. Bg3 0-0 7. Nc3 c6 8. Qb3 Bxg3 9. hxg3 Nbd7 10. Be2 Rb8 11. a4 h6 12. 0-0 a5 13. Rfd1 Re8 14. Qa3 Ra8 15. Rac1 Nb8 16. Ne5 Na6 17. b3 Nb4 18. Qb2 Nd7 19. Nf3 Qe7 20. Na2 Nxa2 21. Qxa2 Bg4 22. Ne1 Bxe2 23. Qxe2 Nb6 24. Nd3 Red8 25. Qc2 Nd7 26. Rb1 Qd6 27. Qe2 Nf6 28. Rdc1 Ne4 29. Rc2 Ra7 30. g4 Re8 31. Qf3 Raa8 32. Qf4 Qe7 33. f3 Nf6 34. Kf2 Ra6 35. Kg1 Rb6 36. c5 Ra6 37. Qg3 1/2-1/2

[Event "FIDE World Rapid-ch Open 2018"]
[White "Jakovenko, Dmitry"]
[Black "Salem, A.R. Saleh"]
[Site "St. Petersburg"]
[Round "15.10"]
[Annotator "ChessBase"]
[Result "1-0"]
[Date "2018.12.28"]
[WhiteElo "2735"]
[BlackElo "2660"]
[PlyCount "75"]
[TimeControl "900+10"]

1. Nf3 c5 2. c4 Nf6 3. Nc3 d5 4. cxd5 Nxd5 5. e3 e6 6. d4 Be7 7. Bd3 0-0 8. 0-0 Nc6 9. a3 b6 10. Qc2 Nxc3 11. bxc3 g6 12. Bb2 Bb7 13. Qe2 Qc7 14. Rad1 Rfd8 15. h4 Rac8 16. h5 Rd5 17. hxg6 hxg6 18. e4 Rh5 19. g3 Na5 20. Kg2 cxd4 21. cxd4 Nc4 22. Ba1 b5 23. Rh1 Rxh1 24. Rxh1 Bf6 25. Qd1 Qe7 26. a4 b4 27. Qe2 Nb6 28. Qd1 a5 29. Ne5 Bg7 30. Ng4 f5 31. Nh6+ Kf8 32. d5 Bxa1 33. Qxa1 Rc3 34. Nxf5 Qf6 35. Nd6 Qd4 36. Rh7 Qxd3 37. Rf7+ Kg8 38. Qh1 1-0

[Event "FIDE World Rapid-ch Open 2018"]
[White "Firouzja, Alireza"]
[Black "Zhigalko, Sergei"]
[Site "St. Petersburg"]
[Round "15.12"]
[Annotator "ChessBase"]
[Result "1-0"]
[Date "2018.12.28"]
[WhiteElo "2607"]
[BlackElo "2604"]
[PlyCount "73"]
[TimeControl "900+10"]

1. Nf3 d5 2. d4 e6 3. c4 c6 4. Qc2 dxc4 5. Qxc4 Nf6 6. g3 b5 7. Qb3 Bb7 8. Bg2 Nbd7 9. 0-0 a6 10. a4 Be7 11. Bg5 0-0 12. Nbd2 Rc8 13. Rfc1 Qb6 14. Ne5 Qxd4 15. Ndf3 Qb4 16. Qxb4 Bxb4 17. Bxf6 Nxf6 18. Nd4 bxa4 19. Rxa4 a5 20. Nexc6 Rc7 21. Rca1 Rfc8 22. Nxb4 axb4 23. Rxb4 Bxg2 24. Kxg2 g6 25. Rba4 Nd5 26. e4 Nf6 27. Nb5 Rc2 28. Nd6 R8c6 29. e5 Nd7 30. Ra8+ Kg7 31. R1a5 Rxb2 32. Rd8 Nb6 33. Ra7 Rcc2 34. Rxf7+ Kh6 35. Rh8 Nd5 36. Rhxh7+ Kg5 37. Ne4+ 1-0

[Event "FIDE World Rapid-ch Open 2018"]
[White "Gelfand, Boris"]
[Black "Petrosian, Tigran L."]
[Site "St. Petersburg"]
[Round "15.14"]
[Annotator "ChessBase"]
[Result "0-1"]
[Date "2018.12.28"]
[WhiteElo "2673"]
[BlackElo "2598"]
[PlyCount "144"]
[TimeControl "900+10"]

1. d4 d6 2. Nf3 Bg4 3. c4 Bxf3 4. exf3 c6 5. Nc3 g6 6. Be3 Bg7 7. Be2 Nf6 8. d5 0-0 9. 0-0 Nbd7 10. f4 cxd5 11. Nxd5 Nxd5 12. Qxd5 Bxb2 13. Rab1 Bf6 14. Rxb7 Nc5 15. Bxc5 dxc5 16. Qxc5 Qd2 17. Bf3 Qxa2 18. Rc7 Rab8 19. Rxa7 Qc2 20. g3 Qd3 21. Ra3 Qc2 22. Ra6 Qd3 23. Rxf6 exf6 24. Bd5 Rb1 25. Rxb1 Qxb1+ 26. Kg2 Kg7 27. Qe7 Qd3 28. h4 h5 29. Qa7 Qb3 30. Qd7 Qb6 31. Qe7 Qd8 32. Qa7 Qd6 33. Qb7 Qc5 34. Qd7 Qc8 35. Qa7 Qd8 36. Qb7 Qd6 37. Qa7 f5 38. Qa1+ Qf6 39. Qa7 Rd8 40. Qc7 Re8 41. c5 Re7 42. Qb6 Qd4 43. Bf3 Re1 44. Qc7 Qc4 45. Kh2 Qf1 46. Bd5 Qxf2+ 47. Kh3 Qf1+ 48. Bg2 Qd3 49. Qb6 Re3 50. Qb2+ Kh7 51. Qf2 Qe2 52. Qxe2 Rxe2 53. c6 Rc2 54. Kh2 Kg7 55. Kg1 Kf6 56. Bd5 Ke7 57. Kf1 Rc5 58. Bf3 Kd6 59. Ke2 Rc3 60. Kf2 Kc5 61. Kg2 Kd4 62. Kf2 Rc2+ 63. Kg1 Rd2 64. Kf1 Ke3 65. Bh1 Rd1+ 66. Kg2 Rc1 67. Kh2 Rc5 68. Kg1 Ke2 69. Bg2 Rc1+ 70. Kh2 Rd1 71. Bh1 Kf2 72. Bg2 Rd3 0-1

[Event "FIDE World Rapid-ch Open 2018"]
[White "Anton Guijarro, David"]
[Black "Rakhmanov, Aleksandr"]
[Site "St. Petersburg"]
[Round "15.15"]
[Annotator "ChessBase"]
[Result "1-0"]
[Date "2018.12.28"]
[WhiteElo "2642"]
[BlackElo "2629"]
[PlyCount "95"]
[TimeControl "900+10"]

1. e4 e5 2. Nf3 Nf6 3. d4 Nxe4 4. dxe5 d5 5. Nbd2 Nxd2 6. Bxd2 Be7 7. Bd3 Be6 8. Nd4 Qd7 9. Nxe6 Qxe6 10. 0-0 Nd7 11. f4 Nc5 12. Kh1 Nxd3 13. cxd3 0-0 14. d4 f5 15. Qb3 b6 16. a4 c5 17. Rfc1 c4 18. Qf3 Rac8 19. b3 Rfd8 20. h3 g6 21. g4 cxb3 22. Rxc8 Qxc8 23. Qxb3 fxg4 24. Rc1 Qf5 25. Qc2 Qh5 26. Qd3 gxh3 27. Kh2 Qf5 28. Qxf5 gxf5 29. Rc7 Kf8 30. Kxh3 Ke8 31. Be1 Rd7 32. Rc6 Bd8 33. Bh4 Rc7 34. Rh6 Rc3+ 35. Kg2 Bxh4 36. Rxh4 Rc7 37. Rh5 Rf7 38. Kf3 a6 39. Rh6 Rb7 40. Ke3 b5 41. a5 b4 42. Kd2 Rb5 43. Rxa6 h5 44. Ra8+ Kf7 45. a6 b3 46. Kc1 Kg7 47. a7 Ra5 48. e6 1-0

[Event "FIDE World Rapid-ch Open 2018"]
[White "Oparin, Grigoriy"]
[Black "Saric, Ivan"]
[Site "St. Petersburg"]
[Round "15.16"]
[Annotator "RC"]
[Result "1-0"]
[Date "2018.12.28"]
[WhiteElo "2613"]
[BlackElo "2695"]
[PlyCount "117"]
[TimeControl "900+10"]

1. Nf3 d5 2. g3 c6 3. Bg2 Bg4 4. 0-0 e6 5. h3 Bxf3 6. Bxf3 Nd7 7. d3 Ngf6 8. Bg2 Bc5 9. Nd2 a5 10. a4 Qc7 11. e3 0-0 12. Qe2 e5 13. e4 Rfe8 14. Nf3 Bf8 15. Re1 dxe4 16. dxe4 Nc5 17. Qc4 Rab8 18. Bg5 b5 19. axb5 cxb5 20. Qc3 b4 21. Qc4 Nfd7 22. b3 Nb6 23. Qe2 a4 24. bxa4 Ncxa4 25. Nh4 g6 26. Be3 Nc3 27. Qg4 Nc4 28. Bf1 Nxe3 29. Rxe3 Ra8 30. Rxa8 Rxa8 31. Rd3 Ra1 32. Kg2 Qc6 33. Nf3 h5 34. Qg5 Nxe4 35. Qxe5 Bg7 36. Qd5 Qxd5 37. Rxd5 Ra8 38. Bd3 Nf6 39. Rb5 Bf8 40. Rb7 Rd8 41. Ne5 Rd5 42. Rxf7 Bg7 43. Bc4 Rxe5 44. Rxf6+ Kh7 45. Rb6 Bf8 46. Bd3 Bc5 47. Rxg6 Kh8 48. f4 Rd5 49. Rg5 Rxg5 50. fxg5 h4 51. gxh4 Kg7 52. Kf3 Be7 53. Kg4 Bc5 54. h5 Be3 55. h6+ Kf7 56. Bc4+ Kf8 57. Kf5 Bd2 58. h4 Be3 59. Kg6 1-0

[Event "FIDE World Rapid-ch Open 2018"]
[White "Le, Quang Liem"]
[Black "Demchenko, Anton"]
[Site "St. Petersburg"]
[Round "15.18"]
[Annotator "RC"]
[Result "1/2-1/2"]
[Date "2018.12.28"]
[WhiteElo "2714"]
[BlackElo "2679"]
[PlyCount "130"]
[TimeControl "900+10"]

1. c4 Nf6 2. Nc3 g6 3. e4 d6 4. d4 Bg7 5. Nge2 0-0 6. Ng3 e5 7. d5 a5 8. h4 h5 9. Bg5 Na6 10. Be2 Qe8 11. Qc2 Bd7 12. f3 Nh7 13. Be3 Qe7 14. Nf1 f5 15. 0-0-0 Nb4 16. Qb3 b6 17. Nd2 Rf7 18. Kb1 Bf6 19. Bf2 Bg7 20. Nb5 Na6 21. Be3 Bf6 22. g3 Bg7 23. Rdf1 f4 24. gxf4 exf4 25. Bf2 Be5 26. Rfg1 Qf6 27. Bf1 Kh8 28. Bh3 Bxh3 29. Rxh3 Rg8 30. a3 Nc5 31. Qc2 g5 32. hxg5 Rxg5 33. Rgh1 Rg2 34. Bxc5 bxc5 35. Rxh5 Kg8 36. R5h2 Qg6 37. Qd1 Rg7 38. a4 Qg3 39. Rxg2 Qxg2 40. Kc2 Rg3 41. Qf1 Ng5 42. Qxg2 Rxg2 43. Rf1 Bxb2 44. Nxc7 Bd4 45. Ne6 Nxe6 46. dxe6 Be3 47. Rd1 Kf8 48. Kd3 Bxd2 49. Rxd2 Rxd2+ 50. Kxd2 Ke7 51. Kd3 Kxe6 52. Kd2 Ke5 53. Kd3 Kf6 54. Ke2 Ke6 55. Kd2 Ke5 56. Kd3 Kf6 57. Ke2 Kg5 58. Kf2 Kg6 59. Kf1 Kf7 60. Ke1 Ke6 61. Kd2 Kf6 62. Ke2 Kg6 63. Kf1 Kg5 64. Kf2 Kf6 65. Ke2 Ke5 1/2-1/2

[Event "FIDE World Rapid-ch Open 2018"]
[White "Ragger, Markus"]
[Black "Jobava, Baadur"]
[Site "St. Petersburg"]
[Round "15.19"]
[Annotator "ChessBase"]
[Result "0-1"]
[Date "2018.12.28"]
[WhiteElo "2687"]
[BlackElo "2627"]
[PlyCount "68"]
[TimeControl "900+10"]

1. e4 c5 2. Nf3 e6 3. d4 cxd4 4. Nxd4 Nf6 5. Nc3 Bb4 6. e5 Nd5 7. Bd2 Bxc3 8. bxc3 0-0 9. Bd3 d6 10. exd6 Qxd6 11. 0-0 Bd7 12. Rb1 Na6 13. Bxa6 Qxa6 14. Qf3 Rac8 15. Rfc1 b6 16. Qd3 Qc4 17. Rb3 e5 18. Ne2 Ba4 19. Rbb1 Rfd8 20. Qxc4 Rxc4 21. Be1 f6 22. Rb2 Kf7 23. Rd1 Ke6 24. f3 Rd7 25. Kf2 g5 26. Rd2 h5 27. Rb1 h4 28. Rbd1 Bc6 29. Rd3 Ra4 30. Nc1 g4 31. fxg4 Rxg4 32. g3 hxg3+ 33. Rxg3 Rf4+ 34. Kg1 Ne3 0-1

[Event "FIDE World Rapid-ch Open 2018"]
[White "Alekseenko, Kirill"]
[Black "Riazantsev, Alexander"]
[Site "St. Petersburg"]
[Round "15.20"]
[Annotator "ChessBase"]
[Result "1-0"]
[Date "2018.12.28"]
[WhiteElo "2638"]
[BlackElo "2649"]
[PlyCount "105"]
[TimeControl "900+10"]

1. d4 d5 2. Nc3 Nf6 3. Bf4 a6 4. e3 e6 5. g4 b5 6. g5 Nfd7 7. h4 c5 8. Nce2 Nc6 9. Nf3 Nb6 10. c3 cxd4 11. Nexd4 Bb7 12. Nxc6 Bxc6 13. Qd4 Nc4 14. Ne5 Bb7 15. 0-0-0 Qb6 16. Bg2 Bc5 17. Nxc4 Bxd4 18. Nxb6 Bxb6 19. h5 Rc8 20. h6 g6 21. Be5 0-0 22. Kd2 f5 23. gxf6 Bd8 24. Bh3 Kf7 25. Rhg1 Bxf6 26. Bxf6 Kxf6 27. f4 Rce8 28. Rdf1 e5 29. Kd3 Bc8 30. Bxc8 Rxc8 31. Rg5 exf4 32. exf4 Ke6 33. Re1+ Kd6 34. Rge5 Rf6 35. Re7 Rc7 36. Rxc7 Kxc7 37. Re7+ Kd6 38. Rxh7 Rxf4 39. Rg7 Rf3+ 40. Kd4 Rf4+ 41. Ke3 Rh4 42. Rxg6+ Ke5 43. Rxa6 Rh2 44. b3 Rh3+ 45. Kd2 Rh2+ 46. Kc1 Ke4 47. Rg6 Kd3 48. Rg3+ Ke4 49. h7 Rxh7 50. Kb2 Ra7 51. Rg6 b4 52. Rg4+ Kd3 53. Rd4+ 1-0

[Event "FIDE World Rapid-ch Open 2018"]
[White "Goganov, Aleksey"]
[Black "Sargissian, Gabriel"]
[Site "St. Petersburg"]
[Round "15.21"]
[Annotator "ChessBase"]
[Result "1/2-1/2"]
[Date "2018.12.28"]
[WhiteElo "2612"]
[BlackElo "2689"]
[PlyCount "48"]
[TimeControl "900+10"]

1. d4 d5 2. c4 e6 3. Nf3 Nf6 4. g3 Bb4+ 5. Bd2 Be7 6. Bg2 0-0 7. 0-0 Nbd7 8. Qc2 c6 9. Rc1 b6 10. cxd5 cxd5 11. a3 Bb7 12. Bb4 Rc8 13. Nc3 Bxb4 14. axb4 a6 15. e3 Qe7 16. Qb3 h6 17. Ne1 Ne4 18. Nd3 Nd6 19. b5 a5 20. Qa3 Rfe8 21. b4 Nc4 22. Qb3 Rc7 23. bxa5 Nxa5 24. Qd1 Rec8 1/2-1/2

[Event "FIDE World Rapid-ch Open 2018"]
[White "Shirov, Alexei"]
[Black "Mchedlishvili, Mikheil"]
[Site "St. Petersburg"]
[Round "15.22"]
[Annotator "ChessBase"]
[Result "1/2-1/2"]
[Date "2018.12.28"]
[WhiteElo "2643"]
[BlackElo "2610"]
[PlyCount "121"]
[TimeControl "900+10"]

1. e4 d6 2. d4 Nf6 3. Nc3 g6 4. f4 Bg7 5. Nf3 0-0 6. Bd3 Nc6 7. 0-0 e5 8. fxe5 dxe5 9. d5 Ne7 10. Nxe5 c6 11. Bg5 cxd5 12. Bxf6 Qb6+ 13. Kh1 Bxf6 14. Nxd5 Nxd5 15. Nc4 Qc5 16. exd5 Bg7 17. Qf3 b6 18. c3 Bb7 19. Ne3 Rae8 20. Rae1 f5 21. Bc2 Bh6 22. Nd1 Bxd5 23. Bb3 Bxb3 24. axb3 Qd6 25. Re2 Rxe2 26. Qxe2 Rd8 27. Nf2 Qd2 28. Re1 Qxe2 29. Rxe2 Kf7 30. g3 a5 31. Kg2 Rd5 32. c4 Rd7 33. g4 fxg4 34. Nxg4 Bg7 35. Nf2 Bf8 36. Ng4 Bg7 37. Nf2 Bf8 38. Ng4 Kg7 39. Ne5 Rd1 40. Kf3 Bc5 41. Ke4 Rd4+ 42. Kf3 Kf6 43. Ng4+ Kg7 44. Ne5 g5 45. Re4 h5 46. Rxd4 Bxd4 47. Nd3 Kf6 48. Ke4 Bc5 49. h3 Ke6 50. Ne1 Be7 51. Nd3 Bd6 52. Nf2 Bg3 53. Nd3 g4 54. hxg4 hxg4 55. b4 a4 56. Nf4+ Bxf4 57. Kxf4 g3 58. Kxg3 Ke5 59. Kf3 Kd4 60. c5 bxc5 61. bxc5 1/2-1/2

[Event "FIDE World Rapid-ch Open 2018"]
[White "Kovalenko, Igor"]
[Black "Sakaev, Konstantin"]
[Site "St. Petersburg"]
[Round "15.23"]
[Annotator "ChessBase"]
[Result "1-0"]
[Date "2018.12.28"]
[WhiteElo "2657"]
[BlackElo "2584"]
[PlyCount "65"]
[TimeControl "900+10"]

1. c4 e6 2. Nc3 d5 3. d4 Nf6 4. cxd5 Nxd5 5. e4 Nxc3 6. bxc3 c5 7. Rb1 cxd4 8. cxd4 Nc6 9. Bb5 a6 10. Bxc6+ bxc6 11. Ne2 c5 12. 0-0 Be7 13. Be3 cxd4 14. Nxd4 Bd7 15. Rb7 Rb8 16. Rxb8 Qxb8 17. Qd3 Qa8 18. e5 Qd5 19. Qxa6 0-0 20. Rb1 Bc5 21. Nc2 Bc6 22. Qf1 Bxe3 23. Nxe3 Qxa2 24. Qc1 Be4 25. Rb4 Bg6 26. h3 Qa5 27. Qb2 h6 28. Kh2 Kh7 29. Qd4 Rd8 30. Qf4 Rd2 31. Ng4 Rd5 32. Rb8 Qc7 33. Qxh6+ 1-0

[Event "FIDE World Rapid-ch Open 2018"]
[White "Tomashevsky, Evgeny"]
[Black "Postny, Evgeny"]
[Site "St. Petersburg"]
[Round "15.24"]
[Annotator "RC"]
[Result "1-0"]
[Date "2018.12.28"]
[WhiteElo "2705"]
[BlackElo "2615"]
[PlyCount "89"]
[TimeControl "900+10"]

1. c4 c6 2. Nf3 d5 3. e3 Nf6 4. Nc3 a6 5. Be2 g6 6. 0-0 Bg7 7. d4 0-0 8. Bd2 dxc4 9. Bxc4 b5 10. Be2 Nbd7 11. b4 Re8 12. Qb3 e5 13. Ng5 Qe7 14. Bf3 Bb7 15. Rad1 h6 16. Nge4 Nd5 17. Nc5 Nxc3 18. Bxc3 Nxc5 19. dxc5 Rad8 20. Be4 Kh7 21. a3 f5 22. Bb1 Bc8 23. Ba2 h5 24. h3 h4 25. Kh1 Rf8 26. f4 exf4 27. Bxg7 Kxg7 28. exf4 Rxd1 29. Rxd1 Kh6 30. Qf3 Qf6 31. Kh2 Qb2 32. Bb3 Qxa3 33. Qe3 Qxb4 34. Qe7 Qxf4+ 35. Kh1 Rh8 36. Qf6 Re8 37. Bf7 Re6 38. Bxe6 Bxe6 39. Qxe6 b4 40. Qxc6 b3 41. Qb6 Qc4 42. c6 Qc2 43. Rg1 a5 44. c7 a4 45. Qb8 1-0

[Event "FIDE World Rapid-ch Open 2018"]
[White "Guseinov, Gadir"]
[Black "Grigoriants, Sergey"]
[Site "St. Petersburg"]
[Round "15.25"]
[Annotator "ChessBase"]
[Result "1-0"]
[Date "2018.12.28"]
[WhiteElo "2664"]
[BlackElo "2540"]
[PlyCount "54"]
[TimeControl "900+10"]

1. e4 c5 2. Nc3 e6 3. Nf3 a6 4. d4 cxd4 5. Nxd4 d6 6. g3 Nf6 7. Bg2 Qc7 8. 0-0 Be7 9. f4 Nc6 10. Nxc6 bxc6 11. e5 dxe5 12. fxe5 Nd7 13. Bf4 0-0 14. Qh5 Rb8 15. b3 g6 16. Qe2 g5 17. Bd2 Qxe5 18. Ne4 f5 19. Bc3 Qb5 20. Qh5 fxe4 21. Rxf8+ Nxf8 22. Rf1 Bc5+ 23. Kh1 Ng6 24. a4 Qb7 25. Bxe4 e5 26. Bxg6 hxg6 27. Qxg6+ Qg7 1-0

[Event "FIDE World Rapid-ch Open 2018"]
[White "Piorun, Kacper"]
[Black "Motylev, Alexander"]
[Site "St. Petersburg"]
[Round "15.26"]
[Annotator "ChessBase"]
[Result "1-0"]
[Date "2018.12.28"]
[WhiteElo "2634"]
[BlackElo "2644"]
[PlyCount "68"]
[TimeControl "900+10"]

1. c4 Nf6 2. g3 c6 3. Bg2 d5 4. Nf3 g6 5. b3 Bg7 6. 0-0 e5 7. Bb2 e4 8. Ne1 0-0 9. d3 dxc4 10. bxc4 exd3 11. Nxd3 Re8 12. Nd2 Bf5 13. Nf3 Na6 14. Re1 Qc7 15. Qb3 Rad8 16. Rad1 Qb6 17. Qxb6 axb6 18. Bd4 Nd7 19. e3 Ndc5 20. Nf4 Nb4 21. Bxg7 Kxg7 22. Nd4 Nxa2 23. Nxf5+ gxf5 24. Rb1 Na4 25. Ne2 Rd2 26. Nd4 N4c3 27. Ra1 Kf6 28. Bh3 Nb4 29. Rec1 Ne4 30. Rf1 c5 31. Nf3 Rc2 32. Nh4 Rxc4 33. Bxf5 Nd2 34. Rfd1 Nb3 1-0

[Event "FIDE World Rapid-ch Open 2018"]
[White "Amonatov, Farrukh"]
[Black "Inarkiev, Ernesto"]
[Site "St. Petersburg"]
[Round "15.27"]
[Annotator "ChessBase"]
[Result "0-1"]
[Date "2018.12.28"]
[WhiteElo "2614"]
[BlackElo "2693"]
[PlyCount "96"]
[TimeControl "900+10"]

1. e4 c5 2. Nf3 e6 3. d4 cxd4 4. Nxd4 Nc6 5. Nc3 Qc7 6. Be3 a6 7. Qd2 Nf6 8. 0-0-0 Be7 9. f3 b5 10. g4 Nxd4 11. Bxd4 Bb7 12. Kb1 0-0 13. Bd3 b4 14. Ne2 e5 15. Be3 d5 16. g5 Nxe4 17. fxe4 dxe4 18. Bc4 Qxc4 19. Qd7 Rac8 20. Qxb7 Qxe2 21. Qxe7 Qxe3 22. Qxb4 Rb8 23. Qd2 Qxd2 24. Rxd2 f5 25. gxf6 gxf6 26. c4 Rbd8 27. Re2 f5 28. c5 Kf7 29. c6 Rd6 30. Rc1 Rc8 31. c7 Rd7 32. Rec2 e3 33. b4 f4 34. a4 f3 35. b5 axb5 36. axb5 e2 37. b6 Rd6 38. b7 Rb6+ 39. Rb2 Rxb7 40. Rxb7 f2 41. Rb8 Rxc7 42. Rxc7+ Ke6 43. Rb6+ Kd5 44. Rd7+ Kc5 45. Rdd6 e1=Q+ 46. Kb2 Qe2+ 47. Kb3 Qf3+ 48. Ka4 f1=Q 0-1

[Event "FIDE World Rapid-ch Open 2018"]
[White "Melkumyan, Hrant"]
[Black "Sarana, Alexey"]
[Site "St. Petersburg"]
[Round "15.28"]
[Annotator "ChessBase"]
[Result "0-1"]
[Date "2018.12.28"]
[WhiteElo "2670"]
[BlackElo "2618"]
[PlyCount "138"]
[TimeControl "900+10"]

1. c4 Nf6 2. Nc3 e5 3. Nf3 Nc6 4. e3 Bb4 5. Qc2 Bxc3 6. Qxc3 Qe7 7. d4 exd4 8. Nxd4 Ne4 9. Qd3 0-0 10. Be2 Re8 11. 0-0 Nc5 12. Qd1 Nxd4 13. Qxd4 b6 14. b3 Bb7 15. Qf4 d6 16. Bb2 a5 17. Rad1 Qe6 18. Rfe1 Qg6 19. Qg3 f6 20. Bf1 Re7 21. f3 Rae8 22. Qxg6 hxg6 23. Kf2 Kf7 24. h3 g5 25. e4 Rh8 26. Bd4 Bc8 27. Be3 Be6 28. Rb1 Ra8 29. a3 Nd7 30. Rec1 Ne5 31. Rc3 Ree8 32. Rb2 Reb8 33. Be2 Nc6 34. Kg3 Ne5 35. Rd2 Ke7 36. Kf2 Nd7 37. Rc1 Ne5 38. Rdd1 Rb7 39. Rh1 Rh8 40. Kg3 Ng6 41. b4 axb4 42. axb4 c5 43. Rb1 Ra7 44. bxc5 bxc5 45. Rhc1 Ne5 46. Bf1 Rd8 47. Rc3 Ra4 48. Rbc1 Rb8 49. f4 gxf4+ 50. Bxf4 Rb2 51. Bxe5 dxe5 52. h4 Kf7 53. Re1 Rd2 54. Be2 Rd4 55. Rb3 Kg6 56. Rb8 Bxc4 57. Bg4 Ra7 58. Rf8 Kh7 59. h5 Rd3+ 60. Kh2 Kh6 61. Rc8 Kg5 62. Bf3 Bf7 63. Rh8 Rad7 64. Kg3 c4 65. Rh1 f5 66. Rh7 fxe4 67. h6 gxh6 68. R1xh6 exf3 69. gxf3 Bg6 0-1

[Event "FIDE World Rapid-ch Open 2018"]
[White "Antipov, Mikhail Al."]
[Black "Grachev, Boris"]
[Site "St. Petersburg"]
[Round "15.29"]
[Annotator "ChessBase"]
[Result "1-0"]
[Date "2018.12.28"]
[WhiteElo "2589"]
[BlackElo "2626"]
[PlyCount "139"]
[TimeControl "900+10"]

1. e4 c5 2. Nf3 Nf6 3. e5 Nd5 4. Nc3 Nxc3 5. dxc3 Nc6 6. Bd3 e6 7. Bf4 h6 8. Qe2 a6 9. 0-0 b5 10. a4 c4 11. Be4 Bb7 12. axb5 axb5 13. Nd4 Rxa1 14. Rxa1 Bc5 15. Nxb5 Qb6 16. Nd6+ Bxd6 17. exd6 0-0 18. Rb1 f5 19. Bf3 Qb5 20. b3 g5 21. Qxc4 Qxc4 22. bxc4 Ba8 23. Be3 Kf7 24. Ra1 Rc8 25. h3 Bb7 26. Bb6 Ra8 27. Rb1 Ra2 28. Bd4 Ba8 29. Bh5+ Kf8 30. Bf6 Rxc2 31. c5 Ra2 32. h4 gxh4 33. Bxh4 Kg7 34. Be8 Ra7 35. c4 Kf8 36. Bh5 Rb7 37. Ra1 Ra7 38. Rb1 Rb7 39. Rc1 Rb3 40. Ra1 Bb7 41. Bf6 Nb8 42. Bd1 Rb4 43. Bh5 Rb3 44. Kh2 Nc6 45. Bd1 Rd3 46. Rb1 Kf7 47. Bh4 Ba8 48. Bh5+ Kf8 49. Bf6 Ra3 50. Bg6 Rd3 51. f3 Ra3 52. Kg3 Ra2 53. Rh1 f4+ 54. Kxf4 Rxg2 55. Rxh6 e5+ 56. Ke3 Rxg6 57. Rxg6 Kf7 58. Rh6 Bb7 59. Bh8 Ba6 60. Ke4 Bb7 61. Bxe5 Ne7+ 62. Kd3 Ng6 63. f4 Bc6 64. Kd4 Nf8 65. f5 Ba4 66. Ke4 Bc6+ 67. Kf4 Kg8 68. Rh8+ Kf7 69. Kg5 Be4 70. Bf6 1-0

[Event "FIDE World Rapid-ch Open 2018"]
[White "Indjic, Aleksandar"]
[Black "Savchenko, Boris"]
[Site "St. Petersburg"]
[Round "15.30"]
[Annotator "ChessBase"]
[Result "0-1"]
[Date "2018.12.28"]
[WhiteElo "2620"]
[BlackElo "2562"]
[PlyCount "100"]
[TimeControl "900+10"]

1. d4 Nf6 2. Nf3 g6 3. Bg5 Bg7 4. Nbd2 d6 5. c3 Nbd7 6. e4 h6 7. Bh4 Nh5 8. Nc4 g5 9. Nfd2 Ndf6 10. Bg3 Nxg3 11. hxg3 d5 12. e5 dxc4 13. exf6 exf6 14. Nxc4 f5 15. Bd3 0-0 16. 0-0 f4 17. gxf4 gxf4 18. Re1 Be6 19. Rxe6 fxe6 20. Qg4 Qf6 21. Ne5 Rad8 22. Re1 c5 23. Ng6 Rfe8 24. Nxf4 cxd4 25. Nxe6 dxc3 26. Bc4 Kh8 27. bxc3 Rd2 28. Rf1 b5 29. Bb3 a5 30. Nf4 a4 31. Bd1 Qg5 32. Qf3 Rf8 33. g3 Rxa2 34. Kh1 Rd2 35. Qe4 Rxd1 36. Rxd1 Rxf4 37. gxf4 Qh5+ 38. Kg2 Qg4+ 39. Kh2 Qxd1 40. Qe8+ Kh7 41. Qe4+ Kg8 42. Qe8+ Bf8 43. Qe6+ Kg7 44. Qe5+ Kf7 45. Qf5+ Ke8 46. Qxb5+ Qd7 47. Qh5+ Ke7 48. c4 Qd4 49. Qe2+ Kf6 50. Qe8 Qxf2+ 0-1

[Event "FIDE World Rapid-ch Open 2018"]
[White "Pantsulaia, Levan"]
[Black "Hovhannisyan, Robert"]
[Site "St. Petersburg"]
[Round "15.31"]
[Annotator "ChessBase"]
[Result "1-0"]
[Date "2018.12.28"]
[WhiteElo "2597"]
[BlackElo "2637"]
[PlyCount "147"]
[TimeControl "900+10"]

1. c4 c6 2. g3 d5 3. Bg2 e5 4. cxd5 cxd5 5. d4 Bb4+ 6. Bd2 Bxd2+ 7. Qxd2 e4 8. Nc3 Nc6 9. Nh3 f5 10. 0-0 Nf6 11. Nf4 0-0 12. f3 Qd6 13. Rac1 g5 14. Nh3 h6 15. fxe4 dxe4 16. e3 Be6 17. Nf2 g4 18. Qe2 Rad8 19. a3 h5 20. Qb5 Rd7 21. Nfxe4 Nxe4 22. Nxe4 fxe4 23. Qxh5 Rg7 24. Rxf8+ Qxf8 25. Bxe4 Bf7 26. Qh6 Qe7 27. Bg2 Rg5 28. Rc3 Rg6 29. Qf4 Kg7 30. Rc5 Qd6 31. b4 a6 32. Rf5 Nd8 33. Kf2 Qe6 34. Kg1 Qd6 35. d5 Qxf4 36. gxf4 g3 37. hxg3 Rxg3 38. Kf2 Rg4 39. Bf3 Rh4 40. Kg3 Rh6 41. e4 a5 42. Rg5+ Kf8 43. bxa5 Ra6 44. e5 Rxa5 45. e6 Bxe6 46. dxe6 Rxg5+ 47. fxg5 Nxe6 48. Kg4 b5 49. Be2 Nd4 50. Bd3 Kf7 51. Kh4 Kf8 52. Kh5 Kg7 53. Kg4 b4 54. a4 b3 55. Be4 Ne6 56. a5 Nc5 57. Bf5 Kf7 58. Kf4 Ne6+ 59. Ke5 Nc5 60. Kd5 Na6 61. Kc4 b2 62. Kc3 Ke7 63. Kxb2 Nc7 64. Kb3 Kd6 65. Kc4 Ke5 66. Bc2 Kd6 67. g6 Ne6 68. Bf5 Ng7 69. Be4 Kc7 70. Kb5 Ne8 71. Kc5 Ng7 72. Bd5 Ne8 73. a6 Nf6 74. g7 1-0

[Event "FIDE World Rapid-ch Open 2018"]
[White "Alekseev, Evgeny"]
[Black "Lomasov, Semyon"]
[Site "St. Petersburg"]
[Round "15.32"]
[Annotator "ChessBase"]
[Result "1-0"]
[Date "2018.12.28"]
[WhiteElo "2639"]
[BlackElo "2553"]
[PlyCount "75"]
[TimeControl "900+10"]

1. e4 e5 2. Nf3 Nc6 3. Bb5 a6 4. Ba4 Nf6 5. d3 b5 6. Bb3 Bc5 7. 0-0 d6 8. c3 h6 9. Be3 Bxe3 10. fxe3 0-0 11. Nbd2 Be6 12. Bc2 Ne7 13. Nh4 c5 14. Qe2 Nc6 15. Nf5 d5 16. exd5 Nxd5 17. Rae1 Nce7 18. Nh4 Nc6 19. Qf2 f5 20. e4 fxe4 21. Qxf8+ Qxf8 22. Rxf8+ Rxf8 23. Nxe4 c4 24. dxc4 bxc4 25. Nc5 Bc8 26. Nf3 Bg4 27. Nxe5 Nxe5 28. Rxe5 Nf4 29. h3 Be2 30. Rf5 Rc8 31. Rxf4 Rxc5 32. Kf2 Bd3 33. Bxd3 cxd3 34. Ke3 Rd5 35. Rd4 Re5+ 36. Kxd3 Re1 37. Rf4 Rd1+ 38. Ke4 1-0

[Event "FIDE World Rapid-ch Open 2018"]
[White "Levin, Evgeny A."]
[Black "Yudin, Sergei"]
[Site "St. Petersburg"]
[Round "15.33"]
[Annotator "ChessBase"]
[Result "1/2-1/2"]
[Date "2018.12.28"]
[WhiteElo "2516"]
[BlackElo "2507"]
[PlyCount "44"]
[TimeControl "900+10"]

1. d4 d5 2. c4 e6 3. Nf3 c6 4. Bg5 Be7 5. Bxe7 Qxe7 6. Qc2 Nf6 7. e3 Nbd7 8. Nc3 0-0 9. cxd5 Nxd5 10. Be2 Nxc3 11. Qxc3 c5 12. 0-0 b6 13. Rfd1 Bb7 14. Rac1 Rfc8 15. Qa3 Kf8 16. dxc5 Nxc5 17. Nd4 a5 18. Bf3 Bxf3 19. Nxf3 Rd8 20. Qc3 Rxd1+ 21. Rxd1 Rd8 22. Qc2 Rxd1+ 1/2-1/2

[Event "FIDE World Rapid-ch Open 2018"]
[White "Akopian, Vladimir"]
[Black "Tari, Aryan"]
[Site "St. Petersburg"]
[Round "15.37"]
[Annotator "ChessBase"]
[Result "1/2-1/2"]
[Date "2018.12.28"]
[WhiteElo "2650"]
[BlackElo "2620"]
[PlyCount "42"]
[TimeControl "900+10"]

1. Nf3 Nf6 2. c4 c5 3. g3 d5 4. cxd5 Nxd5 5. Bg2 Nc6 6. Nc3 Nxc3 7. bxc3 e5 8. 0-0 Be7 9. d3 0-0 10. Rb1 Qc7 11. Qc2 Bf5 12. Nd2 Rab8 13. Nc4 b5 14. Ne3 Be6 15. Nd5 Qd7 16. e4 Bd6 17. Be3 f5 18. exf5 Bxf5 19. Be4 Kh8 20. Rfe1 Ne7 21. Nxe7 Bxe7 1/2-1/2